 Dungeon Crawl Stone Soup version 0.32-a0-841-g4648e6c (webtiles) character file.

Game seed: 13416761042749277221

193 Dorkslayer the Shield-Bearer (level 5, 0/36 HPs)
             Began as an Octopode Fighter on Mar 26, 2024.
             Slain by a ball python (2 damage)
             ... on level 3 of the Dungeon.
             The game lasted 00:03:50 (1869 turns).

Dorkslayer the Shield-Bearer (Octopode Fighter)     Turns: 1869, Time: 00:03:51

Health: 0/36       AC:  1    Str: 17    XL:     5   Next: 72%
Magic:  5/5        EV:  1    Int: 10    God:
Gold:   173        SH:  8    Dex: 12    Spells: 4/4 levels left

rFire   . . .        a - +0 war axe (heavy)
rCold   . . .        h - +0 kite shield
rNeg    . . .        (helmet restricted)
rPois   .            b - amulet of the acrobat
rElec   .            (no ring)
rCorr   .            (no ring)
SInv    .            (no ring)
Will    .....        (no ring)
Stlth   +++          (no ring)
HPRegen 0.26/turn    (no ring)
MPRegen 0.09/turn    (no ring)
                     (no ring)

%: acrobat
@: constricted
A: almost no armour, amphibious, 8 rings, camouflage 1, gelatinous body 1,
(nimble swimmer 1), tentacles
a: no special abilities


You were on level 3 of the Dungeon.
You visited 1 branch of the dungeon, and saw 3 of its levels.

You collected 173 gold pieces.

Inventory:

Hand Weapons
 a - a +0 heavy war axe (weapon)
Armour
 h - a +0 kite shield (worn)
Jewellery
 b - an amulet of the acrobat (around mantle)
Talismans
 k - a flux talisman
Scrolls
 g - 3 scrolls of identify
 i - a scroll of amnesia
Potions
 c - a potion of might
 d - 2 potions of curing
 e - a potion of attraction
 j - a potion of berserk rage


   Skills:
 + Level 3.5 Fighting
 + Level 3.5 Axes
 + Level 3.6 Dodging
 + Level 2.2 Stealth
 + Level 3.7 Shields
 * Level 1.3 Shapeshifting


You had 4 spell levels left.
You didn't know any spells.
Your spell library contained the following spells:

 Spells                   Type           Power      Damage    Failure   Level
 Ignite Poison            Fire/Alch      0%         N/A       100%        4
 Silence                  Hex/Air        0%         N/A       100%        5
 Eringya's Noxious Bog    Alch           0%         4d6       100%        6


Dungeon Overview and Level Annotations

Branches:
Dungeon (3/15)

Altars:

Shops:
D:2 :

Annotations:
D:3 3 runed translucent doors, tmdwp1119's ghost, weakling MiFi


Innate Abilities, Weirdness & Mutations

You cannot wear most types of armour.
You are amphibious.
You can wear up to eight rings at the same time.
Your skin changes colour to match your surroundings (Stealth+).
Your rubbery body absorbs attacks. (AC +1, EV +1)
((You are camouflaged when in or above water. (Stealth+)))
You have tentacles for arms and can constrict up to eight enemies at once.


Message History

Tmdwp1119's ghost ripples.
The gnoll closely misses you.
Found 6 stones.
The gnoll shouts!
The gnoll completely misses you. You block the gnoll's attack.
The gnoll hits you with a +0 flail.
You barely miss the gnoll.
The ball python hisses angrily.
Your grab misses the gnoll. You hit the gnoll. You barely miss the gnoll.
The gnoll barely misses you. You block the gnoll's attack.
The gnoll misses you. The ball python bites you.
You block the ball python's attack. You block the gnoll's attack.
The gnoll hits you with a +0 club. The gnoll closely misses you.
You slash the gnoll!
You kill the gnoll!
You hit the gnoll. You slash the gnoll! You hit the ball python.
You block the ball python's attack. x2; The gnoll closely misses you.
The gnoll barely misses you. The ball python closely misses you. x2
The gnoll hits you with a +0 club. The gnoll hits you with a +0 flail!
* * * LOW HITPOINT WARNING * * *
The ball python misses you. The ball python closely misses you.
You slice the gnoll!!
You kill the gnoll!
You completely miss the ball python. You hit the gnoll but do no damage.
The ball python bites you.
* * * LOW HITPOINT WARNING * * *
The ball python barely misses you. The gnoll hits you with a +0 club.
* * * LOW HITPOINT WARNING * * *
The ball python bites you.
* * * LOW HITPOINT WARNING * * *
You block the ball python's attack. You block the gnoll's attack.
You hit the gnoll.
You kill the gnoll!
You barely miss the ball python. The ball python bites you.
* * * LOW HITPOINT WARNING * * *
The ball python grabs you. The ball python constricts you.
* * * LOW HITPOINT WARNING * * *
You block the ball python's attack. The ball python constricts you.
The ball python bites you.
You die...

#....
#.............#.... .
#.#ß#..ß..#ß#.#.... ..
#.###.....###.#.... ...
#....#####....#.... ....
#.oooWoo......#..[.
.....######+++######....
.....ß.............ß....
(.....)@................
..>...))S....###########
##......###### #
#......# # #......#
........# .........
........#


You could see tmdwp1119's ghost, 5 orcs and a ball python.

Vanquished Creatures
  A bombardier beetle (D:3)
  A sleepcap (D:3)
  3 gnolls (D:3)
  2 adders
  3 ufetubi (D:3)
  4 ribbon worms (D:2)
  A dart slug (D:3)
  An orc (D:3)
  10 bats
  5 endoplasms
  3 giant cockroaches
  5 goblins
  9 hobgoblins
  3 jackals (D:1)
  A quokka (D:3)
  4 ball pythons
  A frilled lizard (D:3)
  6 kobolds
  3 rats
66 creatures vanquished.

Notes
Turn   | Place    | Note
-------+----------+-------------------------------------------
     0 | D:1      | Dorkslayer the Octopode Fighter began the quest for the
                  | Orb.
     0 | D:1      | Reached XP level 1. HP: 16/16 MP: 1/1
   225 | D:1      | Reached XP level 2. HP: 15/21 MP: 2/2
   227 | D:1      | Found a faded altar of an unknown god.
   778 | D:1      | Reached XP level 3. HP: 24/26 MP: 3/3
  1021 | D:2      | Reached skill level 1 in Stealth
  1240 | D:2      | Got Lucymeesi's Volume of Stormy Flux
  1295 | D:2      | Found Zeciewia's Book Shoppe.
  1453 | D:2      | Reached XP level 4. HP: 24/31 MP: 4/4
  1568 | D:3      | Reached skill level 1 in Shapeshifting
  1568 | D:3      | Reached XP level 5. HP: 18/36 MP: 5/5
  1851 | D:3      | Identified the +1 dagger of the Ten Mystics {heavy, *Rage
                  | Will++}
  1851 | D:3      | Identified the +5 ring mail "Yjipyl" {Dex+3}
  1852 | D:3      | Found a runed translucent gate.
  1852 | D:3      | Noticed tmdwp1119's ghost (weakling MiFi)
  1853 | D:3      | Found a runed translucent gate.
  1854 | D:3      | Found a runed translucent gate.
  1869 | D:3      | Slain by a ball python

Illustrated notes

Levels and vault maps discovered:
D:1:      dpeg_arrival_stonehenge_8_columns, layout_basic,
          hellmonk_ecumenical_altar_zigzags, hangedman_feature_mirror
D:2:      layout_loops_ring, serial_shops, shop
D:3:      layout_basic, biasface_ghost_orc_armoury, minmay_divided_ellipse

Skill      XL: |  1  2  3  4  5 |
---------------+----------------+-----
Stealth        | 1 2 |  2.2
Axes           | 3 |  3.5
Shapeshifting  | 1 |  1.3
Fighting       | |  3.5
Dodging        | |  3.6
Shields        | |  3.7

Action                     |  1- 3 |  4- 6 || total
---------------------------+-------+-------++-------
  Melee: War axe           |    67 |    42 ||   109
         Constrict         |    18 |    10 ||    28
         Tentacles         |     9 |     5 ||    14
    Use: Potion            |       |     4 ||     4
         Scroll            |       |     4 ||     4
   Stab: Sleeping          |    11 |     1 ||    12
 Armour: Skin              |    29 |    35 ||    64
  Dodge: Dodged            |    39 |    49 ||    88
  Block: Buckler           |     9 |       ||     9
         Kite shield       |    22 |    42 ||    64

Table legend: (Time is in decaauts)
 A = Elapsed time spent in this place.
 B = Non-inter-level travel time spent in this place.
 C = Inter-level travel time spent in this place.
 D = Time resting spent in this place.
 E = Time spent auto-exploring this place.
 F = Levels seen in this place.
 G = Mean time per level.
                   A        B        C        D        E       F      G
               +--------+--------+--------+--------+--------+-----+--------+
         Total |   1935 |   1935 |      0 |      0 |   1098 |   3 |  645.0 |
       Dungeon |   1935 |   1935 |      0 |      0 |   1098 |   3 |  645.0 |
               +--------+--------+--------+--------+--------+-----+--------+

Top non-repeatable levels by time:
     D:1: 983 daAuts
     D:2: 543 daAuts
     D:3: 409 daAuts
